 Dungeon Crawl Stone Soup version 0.30-b1-2-g02819fbbbe (webtiles) character file.

Game seed: 12529682843825362667

11 Alarkh the Charlatan (level 2, 22/22 HPs)
             Began as a Demonspawn Artificer on Nov 23, 2023.
             Got out of the dungeon alive.
             The game lasted 00:00:28 (221 turns).

Alarkh the Charlatan (Demonspawn Artificer)          Turns: 221, Time: 00:00:29

Health: 22/22      AC:  3    Str: 12    XL:     2   Next: 17%
Magic:  2/2        EV: 11    Int: 12    God:
Gold:   19         SH:  0    Dex: 13    Spells: 1/1 levels left

rFire   . . .        a - +0 short sword
rCold   . . .        (no shield)
rNeg    . . .        b - +0 leather armour
rPois   .            (helmet restricted)
rElec   .            (no cloak)
rCorr   .            (no gloves)
SInv    .            (no boots)
Will    .....        (no amulet)
Stlth   +            (no ring)
HPRegen 0.23/turn    (no ring)
MPRegen 0.08/turn

%: no passive effects
@: no status effects
A: antennae 1
a: no special abilities


You escaped.
You visited 1 branch of the dungeon, and saw 1 of its levels.

You collected 19 gold pieces.

Inventory:

Hand Weapons
 a - a +0 short sword (weapon)
Armour
 b - a +0 leather armour (worn)
Magical Staves
 g - a staff of conjuration
Wands
 c - a wand of flame (12) (quivered)
 d - a wand of charming (15)
 e - a wand of iceblast (5)
Scrolls
 f - a scroll of brand weapon {unknown}
 h - a scroll of identify {unknown}


   Skills:
 + Level 2.2 Fighting
 - Level 1.7 Armour
 - Level 0.8 Dodging
 - Level 0.8 Stealth
 - Level 3.0 Evocations


You had one spell level left.
You didn't know any spells.
Your spell library was empty.

Dungeon Overview and Level Annotations

Branches:
Dungeon (1/15)

Altars:


Innate Abilities, Weirdness & Mutations

You have a pair of small antennae on your head.


Message History

The bat barely misses you. The bat hits you but does no damage.
You have reached level 2!
Your demonic ancestry asserts itself...
A pair of antennae grows on your head!
You closely miss the bat.
The bat is severely wounded.
The bat completely misses you. The bat hits you but does no damage.
You hit the bat.
You kill the bat!
The goblin hits you with a +0 dagger.
You closely miss the goblin. The ball python misses you.
The ball python grabs you. The ball python constricts you.
The goblin hits you with a +0 dagger.
You hit the ball python.
You kill the ball python!
The goblin barely misses you.
You hit the goblin.
The goblin is moderately wounded.
The goblin closely misses you.
You hit the goblin.
You kill the goblin!
No target in view!
No target in view!
No target in view!
No target in view!
No target in view!
No target in view!
No target in view!
No target in view!
No target in view!
No target in view!
No target in view!
No target in view!
No target in view!
Found 11 gold pieces.
You open the door.
There is an open door here.
There is a staircase leading out of the dungeon here.
Are you sure you want to leave the Dungeon?
This will make you lose the game!
You have escaped!

#.# #.##..##.# #.# .# #.#
#.##..##.# #.# .#
##.#####.#....#.####.##### .#
..........>..............## .#
##..........####+####.....##.##
#.###......#.......#.##..#...###
#..........#.8.8.8.#.###...#....
#######.#..#...(...#.# #.#...#
#....'.8.@.8.'.# #.##.##
#.#..#.......#.# #)#...#
#.#..#.8.8.8.#.###.....###
#.#..#....)..#............
#.#..####+####.........###
...... ...$.#######.### #.#....
................. .......
###...######..### ... #...# #.##


There were no monsters in sight!

Vanquished Creatures
  3 ball pythons (D:1)
  A giant cockroach (D:1)
  2 goblins (D:1)
  A kobold (D:1)
  A quokka (D:1)
  A bat (D:1)
  A frilled lizard (D:1)
10 creatures vanquished.

Notes
Turn   | Place    | Note
-------+----------+-------------------------------------------
     0 | D:1      | Alarkh the Demonspawn Artificer began the quest for the
                  | Orb.
     0 | D:1      | Reached XP level 1. HP: 15/15 MP: 1/1
   179 | D:1      | Gained mutation: You have a pair of small antennae on your
                  | head. [demonic ancestry]
   179 | D:1      | Reached XP level 2. HP: 19/22 MP: 2/2
   221 | D:$      | Got out of the dungeon alive.

Illustrated notes

Levels and vault maps discovered:
D:1:      doesnt_arrival_eight_statues, layout_basic, chequers_big_river,
          minmay_misc_feat_tower

Skill      XL: |  1 |
---------------+----+-----
Fighting       | 2 |  2.2
Armour         | |  1.7
Dodging        | |  0.8
Stealth        | |  0.8
Evocations     | |  3.0

Action                     || total
---------------------------++-------
  Melee: Short sword       ||    14
         Club              ||     8
  Evoke: Wand              ||     3
 Armour: Leather armour    ||    12
  Dodge: Dodged            ||    27
